Description

A new meta PvT build used by pros, do watch Harstem guide on this to better understand the builds and the responds to what terran does

VOD

https://youtu.be/sZjbBter7Ok?si=xotlJ4USybT_L7AQ

Replay - Harstem PvT v AI

Build Order

Get SALT Encoding   

  12  0:00  Probe  
  13  0:12  Probe  
  14  0:16  Pylon  
  14  0:24  Probe  
  15  0:33  Probe  
  15  0:36  Gateway  
  15  0:41  Probe  
  16  0:46  Assimilator  
  17  0:51  Probe  
  18  1:03  Probe  
  19  1:15  Probe  
  20  1:21  Nexus  
  20  1:30  Cybernetics Core  
  20  1:33  Probe  
  20  1:38  Assimilator  
  21  1:45  Probe  
  22  1:48  Pylon  
  22  1:54  Stalker  
  23  2:07  Warp Gate  
  25  2:10  Shield Battery  
  27  2:23  Sentry  
  31  2:41  Twilight Council  
  32  2:49  Stalker  
  37  2:59  Gateway  
  39  3:14  Gateway  
  39  3:18  Charge  
  40  3:25  Pylon  
  44  3:42  Nexus  
  45  3:55  Stalker x2  
  50  3:57  Pylon  
  51  4:06  Phoenix  
  51  4:08  Stalker  
  54  4:16  Robotics Facility  
  55  4:17  Pylon  
  55  4:21  Zealot  
  58  4:24  Assimilator  
  58  4:25  Stalker  
  62  4:38  Stalker  
  62  4:43  Zealot  
  69  4:57  Zealot x2  
  73  5:03  Templar Archives  
  78  5:08  Zealot  
  83  5:18  Zealot  
  87  5:21  Psionic Storm  
  87  5:24  Assimilator  
  87  5:27  Gateway x3  
  88  5:34  Gateway x2  
  88  5:46  High Templar, Phoenix  
  90  5:51  Warp Prism  
  92  5:57  Zealot  
  92  6:00  High Templar  
  96  6:05  Forge  
  96  6:15  Nexus  
  96  6:17  High Templar  
  98  6:19  Immortal  
  98  6:22  Zealot x2  
  103  6:26  Protoss Ground Weapons Level 1  
  103  6:32  Zealot  
  128  7:01  High Templar x2, Immortal  
  131  7:06  Archon  
  158  7:41  Immortal  
  158  7:42  High Templar x2  
  166  7:46  Archon  
Spawning Tool Build Advisor. Get it on Overwolf

Go to:

Details

  • Created by: Kenosua
  • Published on: Sep 14, 2025
  • Modified on: Sep 14, 2025
  • Patch: 5.0.11
  • Difficulty: Hard
Show
View Real Time Build Order
Export as new Build Order

Comments (0)

There are no comments. Be the first!

Create an account to comment!